cohdb
Replays
Latest Replays
All Replays
Popular Replays
Top Player Replays
Match Explorer
How It Works
Community
CoH3 Stats
Reddit
Sign in to upload your games and track your stats! →
Sign in with Steam
Match 42303655
Unlisted
Match 42303655
Overview
Messages
Build Orders
End
Construct Infanterie Kompanie
Grenadier Squad
MG 42 Machine Gun Team
GrW 34 Mortar Team
Construct Luftwaffe Kompanie
Jäger Squad
Medical Station
Luftwaffe Officer Quarters
221 Scout Car
Jäger Squad
Selects Mechanized Battlegroup
Selects Mobile Repair Stations
Support Elements
Wirbelwind Flakpanzer
Jäger Squad
Selects Wespe Self-propelled Artillery
Selects Raid Package
Wespe Self-propelled Artillery
KIDMMZ
Mustache and Melons
NewDe
DaraBenő
[GER] Settra
旧日支配者
0
0
Comments
sign in to comment!
No comments posted yet!